 Dungeon Crawl Stone Soup version 0.31-a0-986-g5e6e4ef867 (webtiles) character file.

Game seed: 10727968782219222358

221 pokeman the Magician (level 5, -2/29 HPs)
             Began as a Deep Elf Hedge Wizard on Nov 5, 2023.
             Slain by Duvessa
             ... wielding a +0 short sword
              (11 damage)
             ... on level 4 of the Dungeon.
             The game lasted 00:06:02 (3948 turns).

pokeman the Magician (Deep Elf Hedge Wizard)        Turns: 3948, Time: 00:06:02

Health: -2/29      AC:  4    Str:  7    XL:     5   Next: 65%
Magic:  6/15       EV: 13    Int: 21    God:
Gold:   176        SH:  0    Dex: 14    Spells: 8/16 levels left

rFire   . . .        s - +10 hammer of the Water Diviner {drain, rElec SInv}
rCold   . . .        (no shield)
rNeg    . . .        b - +0 robe
rPois   .            c - +0 hat
rElec   +            u - +1 cloak
rCorr   .            (no gloves)
SInv    +            (no boots)
Will    +....        (no amulet)
Stlth   ++           h - ring of willpower
HPRegen 0.24/turn    (no ring)
MPRegen 0.14/turn

%: no passive effects
@: very slightly contaminated
A: no striking features
a: no special abilities


You were on level 4 of the Dungeon.
You visited 1 branch of the dungeon, and saw 4 of its levels.

You collected 176 gold pieces.

Inventory:

Hand Weapons
 a - a +2 short sword of venom
 n - the +2 quarterstaff of Abomination {elec, Str+3}
   (You found it on level 2 of the Dungeon)

   Str+3:     It affects your strength (+3).
 s - the +10 hammer of the Water Diviner (weapon) {drain, rElec SInv}
   (You found it on level 3 of the Dungeon)

   rElec:     It insulates you from electricity.
   SInv:      It lets you see invisible.
 t - a +4 quarterstaff of chaos
Armour
 b - a +0 robe (worn)
 c - a +0 hat (worn)
 u - a +1 cloak (worn)
Jewellery
 h - a ring of willpower (left hand)
Scrolls
 e - a scroll of enchant armour {unknown}
 f - a scroll of brand weapon {unknown}
 g - 4 scrolls of identify {unknown}
 i - a scroll of vulnerability {unknown}
 j - 2 scrolls of enchant weapon {unknown}
 l - a scroll of acquirement {unknown}
 m - a scroll of fog {unknown}
 r - a scroll of revelation {unknown}
Potions
 d - a potion of magic
 k - a potion of lignification {unknown}
 p - 2 potions of might {unknown}
 q - a potion of heal wounds {unknown}


   Skills:
 + Level 1.0 Fighting
 - Level 1.0 Armour
 - Level 3.0 Dodging
 - Level 3.0 Stealth
 * Level 6.4 Spellcasting
 + Level 2.8 Conjurations
 - Level 1.1 Summonings
 - Level 1.1 Translocations
 - Level 1.0 Air Magic
 - Level 1.1 Poison Magic


You had 8 spell levels left.
You knew the following spells:

 Your Spells              Type           Power      Damage    Failure   Level
a - Magic Dart            Conj           72%        1d6       3%          1
b - Mephitic Cloud        Conj/Pois/Air  13%        N/A       14%         3
c - Call Imp              Summ           22%        N/A       9%          2
d - Blink                 Tloc           22%        N/A       9%          2

Your spell library contained the following spells:

 Spells                   Type           Power      Damage    Failure   Level
 Slow                     Hex            24%        N/A       10%         1
 Cigotuvi's Dreadful Rot  Necr/Pois/Air  18%        N/A       11%         2


Dungeon Overview and Level Annotations

Branches:
Dungeon (4/15)
 Temple: D:4-7

Altars:
Dithmenos

Shops:
D:2 ?

Annotations:
D:3 1 runed translucent door, dialectric's ghost, amateur DsFi
D:4 Dowan; Duvessa


Message History

Casting: Mephitic Cloud (quite dangerous; 14% risk of failure)
Confirm with . or Enter, or press ? or * to list all spells.
Okay, then.
Casting: Mephitic Cloud (quite dangerous; 14% risk of failure)
Confirm with . or Enter, or press ? or * to list all spells.
Aiming: Mephitic Cloud (quite dangerous; 14% risk of failure)
Press: ? - help, Shift-Dir - straight line, f/p - Duvessa
Aim: Duvessa, wielding a +0 short sword and wearing a +0 ring mail (fast, chance to affect: 81%)
You miscast Mephitic Cloud.
You are very lightly contaminated with residual magic.
Nothing appears to happen.
Duvessa closely misses you. Duvessa hits you with a +0 short sword.
Unknown command.
Casting: Mephitic Cloud (quite dangerous; 14% risk of failure)
Confirm with . or Enter, or press ? or * to list all spells.
Aiming: Mephitic Cloud (quite dangerous; 14% risk of failure)
Press: ? - help, Shift-Dir - straight line, f/p - Duvessa
Aim: Duvessa, wielding a +0 short sword and wearing a +0 ring mail (fast, chance to affect: 81%)
The ball explodes into a vile cloud!
The stinking cloud engulfs Duvessa but does no damage.
The stinking cloud engulfs you but does no damage.
You are engulfed in noxious fumes.
You choke on the stench!
You are confused.
Duvessa is engulfed in noxious fumes.
Duvessa appears confused.
Duvessa wonders, "What am I doing in here?"
Duvessa hits you with a +0 short sword.
* * * LOW HITPOINT WARNING * * *
Dowan says, "My weaknesses are her strengths!"
Unknown command.
Unknown command.
You feel less confused.
Duvessa is engulfed in noxious fumes.
Duvessa appears confused.
Duvessa is engulfed in noxious fumes.
Duvessa closely misses you.
Unknown command.
You thump Duvessa!
Duvessa is moderately wounded.
Duvessa is engulfed in noxious fumes.
Duvessa appears confused.
Duvessa wonders, "What am I doing in here?"
Duvessa hits you with a +0 short sword!
You die...

###.##.# .#
).....†#######.#
#.........#
##..###..###
##..## ##..##
##..## ##..## #
##..## ##..##
#...#####..##
##...
#....e○e@.## ##..
#...#####.# ##
#.# # #.# +#.#
#.. #..###.. ##
...
#......###.....#.
#...#......#### .
#..........# #.
#.###..# #.
#......## #.


You could see Duvessa (fast, confused) and Dowan.

Vanquished Creatures
  Crazy Yiuf (D:3)
  An iguana (D:3)
  3 gnolls (D:2)
  4 adders (D:2)
  3 worms
  2 dart slugs
  An orc (D:3)
  8 bats
  9 endoplasms
  A giant cockroach (D:2)
  6 goblins
  6 hobgoblins
  3 jackals (D:1)
  5 kobolds
  3 quokkas
  13 ball pythons
  6 frilled lizards
  8 rats
  A spectral kobold (D:1)
84 creatures vanquished.

Vanquished Creatures (others)
  A gnoll (D:2)
1 creature vanquished.

Grand Total: 85 creatures vanquished

Notes
Turn   | Place    | Note
-------+----------+-------------------------------------------
     0 | D:1      | pokeman the Deep Elf Hedge Wizard began the quest for the
                  | Orb.
     0 | D:1      | Reached XP level 1. HP: 10/10 MP: 7/7
    89 | D:1      | You fall into a shaft and drop 1 floor!
   213 | D:2      | Reached XP level 2. HP: 12/16 MP: 1/9
   383 | D:2      | Reached skill level 5 in Spellcasting
   437 | D:2      | Found Bosurcho's Magic Scroll Emporium.
   543 | D:1      | Reached XP level 3. HP: 18/20 MP: 7/11
   547 | D:1      | Learned a level 3 spell: Mephitic Cloud
   550 | D:1      | Learned a level 2 spell: Call Imp
   553 | D:1      | Learned a level 2 spell: Blink
   730 | D:1      | Reached skill level 1 in Armour
   985 | D:1      | Found a faded altar of an unknown god.
  1152 | D:1      | Reached skill level 1 in Fighting
  1701 | D:2      | Reached XP level 4. HP: 20/25 MP: 3/13
  1918 | D:2      | Identified the +2 quarterstaff of Abomination {elec, Str+3}
  1959 | D:2      | Reached skill level 6 in Spellcasting
  2037 | D:2      | Reached XP level 5. HP: 29/29 MP: 13/15
  2721 | D:3      | Found a shadowy altar of Dithmenos.
  3198 | D:3      | Found a runed translucent door.
  3198 | D:3      | Noticed dialectric's ghost (amateur DsFi)
  3315 | D:3      | Identified the +10 hammer of the Water Diviner {drain,
                  | rElec SInv}
  3322 | D:3      | Found a runed translucent door.
  3323 | D:3      | Noticed Crazy Yiuf
  3667 | D:3      | Killed Crazy Yiuf
  3668 | D:3      | Reached skill level 1 in Air Magic
  3668 | D:3      | Reached skill level 1 in Poison Magic
  3938 | D:4      | Noticed Dowan
  3939 | D:4      | Noticed Duvessa
  3948 | D:4      | Slain by Duvessa

Illustrated notes

Levels and vault maps discovered:
D:1:      wander_arrival_abandoned_jail, layout_rooms,
          dreamdust_ecumenical_altar_drowned_temple
D:2:      layout_basic, serial_shops, nicolae_shop_hallway_stairs,
          minmay_splitting_lines, minmay_shallow_snake_nest
D:3:      layout_loops_corners, mainiacjoe_overflow_brackets,
          gammafunk_ghost_grave, uniq_crazy_yiuf_cottage
D:4:      layout_loops_corners, mainiacjoe_overflow_chevrons,
          nemelex_spade_bored_becter,
          chequers_temple_overflow_statue_of_worship, wad_woods_river_04,
          nicolae_grassy_gnolls, uniq_duvessa

Skill      XL: |  1  2  3  4  5 |
---------------+----------------+-----
Spellcasting   | 5 6 |  6.4
Armour         | 1 |  1.0
Fighting       | 1 |  1.0
Conjurations   | 2 |  2.8
Dodging        | 3 |  3.0
Stealth        | 3 |  3.0
Air Magic      | 1 |  1.0
Poison Magic   | 1 |  1.1
Summonings     | |  1.1
Translocations | |  1.1

Action                     |  1- 3 |  4- 6 || total
---------------------------+-------+-------++-------
  Melee: Dagger            |     9 |     5 ||    14
         Quarterstaff      |       |    17 ||    17
         Mace              |       |     3 ||     3
   Cast: Magic Dart        |   106 |    70 ||   176
         Mephitic Cloud    |       |     7 ||     7
         Call Imp          |       |     1 ||     1
   Stab: Sleeping          |     3 |       ||     3
         Confused          |       |     1 ||     1
 Armour: Robe              |    17 |    18 ||    35
  Dodge: Dodged            |    14 |    29 ||    43

Table legend: (Time is in decaauts)
 A = Elapsed time spent in this place.
 B = Non-inter-level travel time spent in this place.
 C = Inter-level travel time spent in this place.
 D = Time resting spent in this place.
 E = Time spent auto-exploring this place.
 F = Levels seen in this place.
 G = Mean time per level.
                   A        B        C        D        E       F      G
               +--------+--------+--------+--------+--------+-----+--------+
         Total |   3954 |   3795 |    159 |      0 |   3261 |   4 |  988.5 |
       Dungeon |   3954 |   3795 |    159 |      0 |   3261 |   4 |  988.5 |
               +--------+--------+--------+--------+--------+-----+--------+

Top non-repeatable levels by time:
     D:2: 1521 daAuts
     D:3: 1189 daAuts
     D:1: 1088 daAuts
     D:4: 156 daAuts
